 Dungeon Crawl Stone Soup version 0.22-a0-479-gc6e99f3 (webtiles) character file.

37 Laiders72 the Ruffian (level 3, 0/28 HPs)
             Began as a Draconian Transmuter on June 14, 2018.
             Slain by an ogre
             ... wielding a +0 giant spiked club
              (28 damage)
             ... on level 2 of the Dungeon.
             The game lasted 00:03:46 (2015 turns).

Laiders72 the Ruffian (Draconian Transmuter)        Turns: 2015, Time: 00:03:47

Health: 0/28       AC:  2    Str: 12    XL:     3   Next: 21%
Magic:  3/6        EV: 19    Int: 14    God:
Gold:   69         SH:  0    Dex: 16    Spells: 0/6 levels left

rFire    . . .     SeeInvis .     - Unarmed
rCold    . . .     Gourm    .   (shield currently unavailable)
rNeg     . . .     Faith    .   (armour unavailable)
rPois    x         Spirit   .   (helmet currently unavailable)
rElec    .         Reflect  .   (cloak currently unavailable)
rCorr    .         Harm     .   (gloves currently unavailable)
MR       .....                  (boots currently unavailable)
Stlth    +.........             (no amulet)
HPRegen  0.09/turn              (no ring)
MPRegen  0.10/turn              (no ring)

@: spider-form (expiring)
A: tiny, unfitting armour, AC +5
a: End Transformation


You were on level 2 of the Dungeon.
You were not hungry.
You were a venomous arachnid creature.
You visited 1 branch of the dungeon, and saw 2 of its levels.

You collected 69 gold pieces.

Inventory:

Missiles
 a - 7 arrows
Scrolls
 b - a scroll of blinking {unknown}
 d - a scroll of random uselessness {unknown}
 e - a scroll of enchant weapon {unknown}
 f - a scroll of identify {unknown}
Potions
 g - a potion of invisibility {unknown}
 h - a potion of heal wounds {unknown}
Comestibles
 c - 2 rations


   Skills:
 + Level 1.3 Fighting
 + Level 2.0 Dodging
 + Level 3.6 Unarmed Combat
 + Level 2.4 Spellcasting
 + Level 2.3 Transmutations


You couldn't memorise any spells.
You knew the following spells:

 Your Spells              Type           Power        Failure   Level  Hunger
a - Beastly Appendage     Tmut           #.....       22%         1    #......
b - Sticks to Snakes      Tmut           #.......     32%         2    ###....
c - Spider Form           Tmut/Pois      #.........   61%         3    ###....

Your spell library contained the following spells:

 Spells                   Type           Power        Failure   Level  Hunger
 Blade Hands              Tmut           #.........   98%         5    ######.
 Ice Form                 Ice/Tmut       #.......     92%         4    #####..


Dungeon Overview and Level Annotations

Branches:
Dungeon (2/15)

Altars:


Innate Abilities, Weirdness & Mutations

((Your plain brown scales are hard. (AC +5)))
You cannot fit into any form of body armour.
((You are cold-blooded and may be slowed by cold attacks.))


Message History

You are very lightly contaminated with residual magic.
Your vision is briefly tinged with green.
You start resting.
Your magical contamination has completely faded away.
Casting: Spider Form (slightly dangerous; 38% risk of failure)
Confirm with . or Enter, or press ? or * to list all spells.
You turn into a venomous arachnid creature.
You climb downwards.
The ogre closely misses you.
There is a stone staircase leading up here.
You hit the ogre.
The ogre is poisoned.
The ogre is lightly wounded.
The ogre misses you.
You hit the ogre but do no damage.
The ogre is lightly wounded.
You hit the ogre.
The ogre looks as sick as possible!
The ogre is moderately wounded.
Your transformation is almost over.
The ogre hits you with a giant spiked club!!
Ouch! That really hurt!
You die...

#.....#.#.#...#.#
#.....#.#.#...#.#
#.....#.#.#...#.#
#.##......#.....#
#.#####.###.....#
#.# #.#.......#
###'#####.#.##....#
#.....#.....##....#
#.....#.....##..s.#
#.....#......[...O#
#.....###.........#
###'############..#
#.#.............#
###.#.##########.##
....#.# #.# #####.#
#.# ...'..# #.#


You could see an ogre.

Vanquished Creatures
  A dart slug (D:2)
  3 leopard geckos
  3 bats
  5 giant cockroaches
  3 goblins (D:1)
  5 hobgoblins (D:1)
  2 jackals (D:1)
  A frilled lizard (D:1)
  3 kobolds (D:1)
  A rat (D:1)
27 creatures vanquished.

Notes
Turn   | Place    | Note
-------+----------+-------------------------------------------
     0 | D:1      | Laiders72 the Draconian Transmuter began the quest for the Orb.
     0 | D:1      | Reached XP level 1. HP: 16/16 MP: 3/3
   383 | D:1      | Reached XP level 2. HP: 23/23 MP: 5/5
  1084 | D:1      | Learned a level 2 spell: Sticks to Snakes
  1210 | D:2      | Reached XP level 3. HP: 19/28 MP: 6/6
  1314 | D:2      | Learned a level 3 spell: Spider Form
  1655 | D:2      | Noticed an ogre
  2015 | D:2      | Slain by an ogre

Vault maps used:
D:1:      dpeg_chamrin_arrival_tetris, columned_hall_lemuel
D:2:      minmay_misc_feat_encased

Skill      XL: |  1  2  3 |
---------------+----------+-----
Dodging        | 2 |  2.0
Fighting       | |  1.3
Unarmed Combat | |  3.6
Spellcasting   | |  2.4
Transmutations | |  2.3

Action                   || total
-------------------------++-------
Melee: Unarmed           ||    97
       Kick              ||     2
       Tailslap          ||     7
       Punch             ||     3
 Cast: Beastly Appendage ||     1
       Sticks to Snakes  ||     5
       Spider Form       ||     1
  Eat: Chunk             ||     2
       Ration            ||     1
Armor: Skin              ||    37
Dodge: Dodged            ||    65

Table legend:
 A = Spawn XP
 B = Non-spawn XP
 C = Spawn XP percentage of total XP
 D = Spawn monster count
 E = Non-spawn monster count
 F = Spawn count percentage of total count
 G = Total turns spent on level
                    A         B        C        D         E        F      G
               +---------+---------+-------+---------+---------+-------+---------
         Total |       0 |      53 |   0.0 |       0 |      27 |   0.0 |  2015
               +---------+---------+-------+---------+---------+-------+---------
           D:1 |       0 |      40 |   0.0 |       0 |      22 |   0.0 |  1397
           D:2 |       0 |      13 |   0.0 |       0 |       5 |   0.0 |   618
               +---------+---------+-------+---------+---------+-------+---------
